 Dungeon Crawl Stone Soup version 0.28.0-53-g5a82cb258f (webtiles) character file.

Game seed: 9725973670136635634

17 firemarshallily the Chiller (level 2, 0/19 HPs)
             Began as a Merfolk Ice Elementalist on May 22, 2022.
             Was a Follower of Jiyva.
             Slain by a kobold
             ... wielding a +0 short sword
              (2 damage)
             ... on level 2 of the Dungeon.
             The game lasted 00:06:46 (993 turns).

firemarshallily the Chiller (MfIE)                   Turns: 993, Time: 00:06:48

Health: 0/19       AC:  2    Str:  8    XL:     2   Next: 62%
Magic:  5/5        EV: 10    Int: 14    God:    Jiyva [*.....]
Gold:   42         SH:  0    Dex: 14    Spells: 4/5 levels left

rFire   . . .      SeeInvis .   g - +0 dagger
rCold   . . .      Faith    .   (no shield)
rNeg    . . .      Spirit   .   a - +0 robe
rPois   .          Reflect  .   (no helmet)
rElec   .          Harm     .   (no cloak)
rCorr   .          Rampage  .   (no gloves)
Will    .....                   (no boots)
Stlth   ++........              (no amulet)
HPRegen 0.86/turn               (no ring)
MPRegen 0.34/turn               (no ring)

@: constricted
A: (nimble swimmer 2), mertail
a: Renounce Religion


You were on level 2 of the Dungeon.
You worshipped Jiyva.
Jiyva was aware of your devotion.
You visited 1 branch of the dungeon, and saw 2 of its levels.

You collected 42 gold pieces.

Inventory:

Hand Weapons
 g - a +0 dagger (weapon)
Missiles
 b - 32 stones
 c - 3 poisoned darts
Armour
 a - a +0 robe (worn)
 e - a +0 leather armour
Scrolls
 d - a scroll of blinking {unknown}
 f - a scroll of teleportation {unknown}
 i - 2 scrolls of fear {unknown}
 j - a scroll of noise {unknown}
 k - a scroll of immolation {unknown}
Potions
 h - a potion of resistance {unknown}


   Skills:
 - Level 3.0 Dodging
 - Level 2.1 Stealth
 * Level 2.4 Spellcasting
 * Level 4.7 Ice Magic


You had 4 spell levels left.
You knew the following spells:

 Your Spells              Type           Power      Damage    Failure   Level
a - Freeze                Ice            60%        1d8       3%          1

Your spell library contained the following spells:

 Spells                   Type           Power      Damage    Failure   Level
 Frozen Ramparts          Ice            30%        1d5       10%         3
 Ozocubu's Armour         Ice            15%        N/A       10%         3
 Hailstorm                Conj/Ice       8%         3d4       65%         4


Dungeon Overview and Level Annotations

Branches:
Dungeon (2/15)

Altars:
Jiyva


Innate Abilities, Weirdness & Mutations

((You are very nimble when in or above water. (Stealth+, EV+, Speed+++)))
Your lower body shifts to a powerful aquatic tail in water.


Message History

The ball python misses you. The kobold hits you but does no damage.
You hit the hobgoblin but do no damage.
The hobgoblin is moderately wounded.
The hobgoblin barely misses you. The ball python bites you.
The ball python grabs you. The ball python constricts you.
The kobold barely misses you.
You hit the hobgoblin.
You punch the hobgoblin, but do no damage.
The hobgoblin is almost dead.
The hobgoblin barely misses you. The ball python barely misses you.
The ball python constricts you. The kobold barely misses you.
You barely miss the hobgoblin.
The hobgoblin is almost dead.
The hobgoblin barely misses you. The ball python bites you.
The ball python constricts you. The kobold barely misses you.
You closely miss the ball python. The ball python closely misses you.
The ball python constricts you. The hobgoblin barely misses you.
The kobold hits you with a +0 short sword.
You hit the kobold but do no damage. The ball python bites you.
The ball python constricts you. The hobgoblin misses you.
The ball python barely misses you. The ball python constricts you.
The kobold barely misses you.
You barely miss the ball python. The hobgoblin hits you.
The ball python bites you but does no damage.
The ball python constricts you.
The kobold hits you with a +0 short sword.
* * * LOW HITPOINT WARNING * * *
You completely miss the hobgoblin.
The hobgoblin is almost dead.
The hobgoblin misses you. The ball python bites you.
* * * LOW HITPOINT WARNING * * *
The ball python constricts you.
* * * LOW HITPOINT WARNING * * *
The kobold closely misses you.
You barely miss the hobgoblin.
The hobgoblin is almost dead.
The hobgoblin closely misses you. The ball python closely misses you.
The ball python constricts you.
The kobold hits you with a +0 short sword.
You die...

###....# ... #
......###... #.
...........# #..
#######....#..[#..
...#.....#...........
......<.......##....#
.#.#...#.#..........
#..._...#...(...##
#.<...<.#..@.####
#...#...#.SgK#
##.....##....#
###.###.....# ..
.......# .....##....#
#####. .....# #
##....#


You could see a hobgoblin, a ball python and a kobold.

Vanquished Creatures
  2 dart slugs (D:1)
  2 bats (D:1)
  2 hobgoblins (D:1)
  2 kobolds (D:1)
  A quokka (D:1)
  3 ball pythons (D:1)
  A rat (D:1)
13 creatures vanquished.

Vanquished Creatures (others)
  An endoplasm (D:2)
1 creature vanquished.

Grand Total: 14 creatures vanquished

Notes
Turn   | Place    | Note
-------+----------+-------------------------------------------
     0 | D:1      | firemarshallily the Merfolk Ice Elementalist began the
                  | quest for the Orb.
     0 | D:1      | Reached XP level 1. HP: 13/13 MP: 3/3
   346 | D:1      | Reached XP level 2. HP: 18/19 MP: 1/5
   971 | D:2      | Found a faded altar of an unknown god.
   974 | D:2      | Prayed at the altar of an unknown god.
   974 | D:2      | Became a worshipper of Jiyva Juguh the Shapeless
   974 | D:2      | Reached * piety under Jiyva
   993 | D:2      | Slain by a kobold

Illustrated notes

Levels and vault maps discovered:
D:1:      dpeg_arrival_stone_temple_mockup, layout_basic
D:2:      layout_rooms, nicolae_ecumenical_pavilion

Skill      XL: |  1  2 |
---------------+-------+-----
Dodging        | 3 |  3.0
Stealth        | |  2.1
Spellcasting   | |  2.4
Ice Magic      | |  4.7

Action                   || total
-------------------------++-------
Melee: Unarmed           ||     1
       Dagger            ||    13
       Punch             ||     1
 Cast: Freeze            ||    21
 Stab: Sleeping          ||     2
Armor: Robe              ||     5
Dodge: Dodged            ||    35
